 Dungeon Crawl Stone Soup version 0.19.5 (webtiles) character file.

996 Barra the Poker (level 7, -1/62 HPs)
             Began as a Minotaur Berserker on Mar 30, 2017.
             Was a Priest of Trog.
             Killed by divine providence
             ... invoked by an orc priest
              (14 damage)
             ... on level 5 of the Dungeon.
             The game lasted 00:08:26 (2492 turns).

Barra the Poker (Minotaur Berserker)                Turns: 2492, Time: 00:08:27

Health: -1/62      AC: 13    Str: 24    XL:     7   Next: 99%
Magic:  6/6        EV:  9    Int:  4    God:    Trog [***...]
Gold:   157        SH:  9    Dex:  9    Spells: 0 memorised, 6 levels left

rFire  . . .     SeeInvis .     g - +0 spear (pierce)
rCold  . . .     Gourm    .     t - +0 scale mail
rNeg   . . .     Faith    .     h - +0 shield
rPois  .         Spirit   .     (helmet restricted)
rElec  .         Reflect  .     e - +2 cloak
rCorr  .         Harm     .     o - +2 pair of gloves
MR     .....                    (no boots)
Stlth  ..........               (no amulet)
                                (no ring)
                                (no ring)

@: no status effects
A: retaliatory headbutt, horns 2
a: Berserk, Trog's Hand, Burn Spellbooks, Renounce Religion


You were on level 5 of the Dungeon.
You worshipped Trog.
Trog was most pleased with you.
You were not hungry.

You visited 1 branch of the dungeon, and saw 5 of its levels.

You collected 157 gold pieces.

Inventory:

Hand Weapons
 g - a +0 spear of piercing (weapon)
Armour
 e - a +2 cloak (worn)
 h - a +0 shield (worn)
 o - a +2 pair of gloves (worn)
 t - a +0 scale mail (worn)
Jewellery
 m - a +5 ring of intelligence {unknown}
Wands
 a - a wand of hasting (4/9)
 s - a wand of slowing (14/48)
Scrolls
 d - 3 scrolls of magic mapping {unknown}
 j - 2 scrolls of enchant weapon {unknown}
 q - a scroll of recharging {unknown}
 r - a scroll of teleportation {unknown}
Potions
 f - 2 potions of curing
 k - a potion of flight {unknown}
 l - a potion of lignification {unknown}
 n - 2 potions of agility {unknown}
 v - a potion of beneficial mutation {unknown}
Comestibles
 b - 2 meat rations
 c - 4 bread rations
 i - a beef jerky
 p - 4 fruits
 u - 7 chunks of flesh


   Skills:
 + Level 5.9 Fighting
   Level 4.8(6.4) Axes
 + Level 6.4(7.2) Polearms
 + Level 4.8 Armour
 + Level 3.8 Dodging
 + Level 3.4 Shields


You had 6 spell levels left.
You didn't know any spells.

Dungeon Overview and Level Annotations

Branches:
Dungeon (5/15)             Temple (0/1) D:4

Altars:
Cheibriados
Dithmenos
Nemelex Xobeh
Trog
Vehumet
The Shining One


Innate Abilities, Weirdness & Mutations

You reflexively headbutt those who attack you in melee.
You have a pair of horns on your head.


Message History

The orc wizard barely misses you.
The orc priest mumbles some strange prayers to Beogh against you.
Beogh smites you!
You closely miss the orc wizard. You headbutt the orc wizard.
You kill the orc wizard!
Trog accepts your kill.
Trog appreciates your killing of a magic user.
Attack whom?
Press: ? - help, Dir - move target cursor, f - orc priest
Aim: an orc priest, wielding a trident and wearing a chain mail You reach to attack!
You hit the orc priest but do no damage.
The orc priest invokes the aid of Beogh against you.
Beogh smites you!
* * * LOW HITPOINT WARNING * * *
You are too injured to fight recklessly!
You feel better.
The orc priest mumbles some strange prayers to Beogh against you.
Beogh smites you!
You die...

....# ....#
....# ....#
.o..# .o..#
######o...#
#....@#
#.##.## #<#
###


You could see an orc priest, an orc wizard and an orc.

Vanquished Creatures
  Grinder (D:3)
  An ice beast (D:3)
  A phantom (D:4)
  A centaur skeleton (D:4)
  4 hounds
  4 orc priests
  An orc wizard (D:5)
  2 worker ants (D:4)
  Ijyb (D:2)
  Natasha (thrice) (D:2)
  An iguana (D:4)
  A hound skeleton (D:4)
  6 adders
  2 adder skeletons (D:4)
  4 worms
  2 leopard geckos
  10 orcs
  3 bats
  4 giant cockroaches
  9 goblins
  5 hobgoblins
  6 jackals
  5 quokkas
  3 frilled lizards
  6 kobolds
  4 rats (D:1)
90 creatures vanquished.

Notes
Turn   | Place    | Note
-------+----------+-------------------------------------------
     0 | D:1      | Barra the Minotaur Berserker began the quest for the Orb.
     0 | D:1      | Reached XP level 1. HP: 19/19 MP: 0/0
   489 | D:1      | Reached XP level 2. HP: 27/27 MP: 1/1
   697 | D:2      | Reached XP level 3. HP: 27/33 MP: 2/2
   780 | D:2      | Found a sparkling altar of Nemelex Xobeh.
   789 | D:2      | Reached ** piety under Trog
   792 | D:2      | Noticed Ijyb
   799 | D:2      | Killed Ijyb
   799 | D:2      | Reached XP level 4. HP: 20/41 MP: 3/3
   863 | D:2      | Noticed Natasha
   870 | D:2      | Killed Natasha
   870 | D:2      | Reached skill level 1 in Polearms
  1007 | D:2      | Noticed Natasha
  1011 | D:2      | Killed Natasha
  1134 | D:2      | Noticed Natasha
  1142 | D:2      | Killed Natasha
  1142 | D:2      | Reached XP level 5. HP: 46/47 MP: 4/4
  1192 | D:3      | Reached skill level 5 in Fighting
  1345 | D:3      | Noticed an ice beast
  1359 | D:3      | Killed an ice beast
  1359 | D:3      | Reached skill level 2 in Polearms
  1359 | D:3      | Reached skill level 1 in Shields
  1359 | D:3      | Reached XP level 6. HP: 38/56 MP: 5/5
  1444 | D:3      | Reached skill level 3 in Polearms
  1525 | D:3      | Found a bloodstained altar of Trog.
  1533 | D:3      | Found a glowing golden altar of the Shining One.
  1541 | D:3      | Found a shadowy altar of Dithmenos.
  1544 | D:3      | Found a radiant altar of Vehumet.
  1544 | D:3      | Noticed Grinder
  1544 | D:3      | Paralysed by Grinder for 2 turns
  1547 | D:3      | Paralysed by Grinder for 2 turns
  1565 | D:3      | Killed Grinder
  1565 | D:3      | Reached skill level 4 in Polearms
  1565 | D:3      | Reached XP level 7. HP: 33/61 MP: 6/6
  1604 | D:3      | Found a snail-covered altar of Cheibriados.
  1844 | D:4      | Found a staircase to the Ecumenical Temple.
  1962 | D:4      | Reached *** piety under Trog
  1965 | D:4      | Reached skill level 5 in Polearms
  2336 | D:4      | Reached skill level 6 in Polearms
  2470 | D:5      | Entered Level 5 of the Dungeon
  2492 | D:5      | Killed from afar by an orc priest

Skill      XL: |  1  2  3  4  5  6  7 |
---------------+----------------------+-----
Fighting       | 4 5 |  5.9
Axes           | 4 |  4.8
Polearms       | 1 2 4 6 |  6.4
Dodging        | 3 |  3.8
Armour         | 3 4 |  4.8
Shields        | 1 2 3 |  3.4

Action                   |  1- 3 |  4- 6 |  7- 9 || total
-------------------------+-------+-------+-------++-------
Melee: Hand axe          |     9 |       |       ||     9
       Spear             |    53 |   123 |   128 ||   304
       Headbutt          |     6 |    19 |    20 ||    45
Invok: Berserk           |       |     2 |       ||     2
  Use: Scroll            |     1 |     4 |       ||     5
       Potion            |       |       |     1 ||     1
  Eat: Chunk             |       |     3 |     4 ||     7
Armor: Animal skin       |     2 |       |       ||     2
       Ring mail         |    10 |    44 |     6 ||    60
       Scale mail        |       |       |    19 ||    19
Dodge: Dodged            |    20 |    26 |    32 ||    78
Block: Shield            |    12 |    31 |    33 ||    76
